 Dungeon Crawl Stone Soup version 0.24.0-13-gcf9b3192b9 (webtiles) character file.

Game seed: 7999637933092792666, levelgen mode: deterministic

61 inmateoo the Skirmisher (level 3, 0/17 HPs)
             Began as a Felid Transmuter on Nov 6, 2019.
             Succumbed to an adder's poison
             ... on level 3 of the Dungeon.
             The game lasted 00:03:19 (2868 turns).

inmateoo the Skirmisher (Felid Transmuter)          Turns: 2868, Time: 00:03:20

Health: 0/17       AC:  4    Str:  8    XL:     3   Next: 83%
Magic:  7/7        EV: 18    Int: 14    God:
Gold:   76         SH:  0    Dex: 17    Spells: 0/6 levels left
                                        Lives:  0   Deaths: 1

rFire    . . .     SeeInvis +     - Unarmed
rCold    . . .     Gourm    .   (shield unavailable)
rNeg     . . .     Faith    .   (armour unavailable)
rPois    .         Spirit   .   (helmet unavailable)
rElec    .         Reflect  .   (cloak unavailable)
rCorr    .         Harm     .   (gloves unavailable)
MR       .....                  (boots unavailable)
Stlth    ++........             (no amulet)
HPRegen  0.05/turn              h - +3 ring of protection
MPRegen  0.10/turn              (no ring)

@: lethally poisoned (0 -> -5), berserk cooldown, slowed, slow
A: very small, no armour, no weapons or thrown items, stealth, claws 1, fangs 3,
see invisible, carnivore, speed 1, shaggy fur 1, slow metabolism 1, strong 1,
sharp paws
a: no special abilities


You were on level 3 of the Dungeon.
You were not hungry.

You visited 1 branch of the dungeon, and saw 3 of its levels.

You collected 76 gold pieces.

Inventory:

Missiles
 a - 36 arrows
Jewellery
 h - a +3 ring of protection (left paw)
Scrolls
 b - 3 scrolls of enchant armour {unknown}
 d - 2 scrolls of identify
 e - a scroll of amnesia {unknown}
 g - 2 scrolls of fog
Comestibles
 c - 3 rations


   Skills:
 + Level 3.4 Fighting
 - Level 2.6 Dodging
 + Level 1.2 Stealth
 + Level 3.2 Unarmed Combat
 + Level 2.3 Spellcasting
 * Level 3.1 Transmutations


You couldn't memorise any spells.
You knew the following spells:

 Your Spells              Type           Power        Failure   Level  Hunger
a - Beastly Appendage     Tmut           ##....       6%          1    #......
b - Sticks to Snakes      Tmut           ##......     10%         2    ###....
c - Spider Form           Tmut/Pois      #.........   34%         3    ###....

Your spell library contained the following spells:

 Spells                   Type           Power        Failure   Level  Hunger
 Ice Form                 Ice/Tmut       #.......     75%         4    #####..
 Blade Hands              Tmut           ##........   86%         5    ######.


Dungeon Overview and Level Annotations

Branches:
Dungeon (3/15)

Altars:

Annotations:
D:2 Sigmund


Innate Abilities, Weirdness & Mutations

You cannot wear armour.
You are incapable of wielding weapons or throwing items.
Your paws allow you to move quietly. (Stealth)
You have sharp claws.
You have razor-sharp teeth.
You have supernaturally acute eyesight. (SInv)
You are carnivorous and can eat meat at any time.
You cover ground quickly.
You are covered in fur. (AC +1)
You have a slow metabolism.
Your sharp claws are effective at attacking unaware monsters.
Your muscles are strong. (Str +2)


Message History

You see here a +0 short sword.
You feel a strong urge to attack something.
You feel your anger nearly subside.
You are no longer berserk.
You are exhausted.
You feel yourself slow down.
Unknown command.
Really quaff the potion of mutation?
You feel extremely strange.
You feel stronger.
* * * LOW HITPOINT WARNING * * *
You feel sick.
Unknown command.
Unknown command.
There is a lethal amount of poison in your body!
There is a lethal amount of poison in your body!
There is a lethal amount of poison in your body!
* * * LOW HITPOINT WARNING * * *
You feel sick.
You die...

#### #.### ..........#
...####...# .........
.......##.# ........
.......'..# ......
.......#### #....
.......# #####... #
.......### #......# .#
.........# # ####.###.#
#.###.##.# #.#@...)..>#
#.....##.#####.#.#.######
########.....#.....#
#####.###.### #.#.#.#
#..)#.# #...#.# ##....#
######


There were no monsters in sight!

Vanquished Creatures
  An orc wizard (D:3)
  2 adders
  A worm (D:2)
  A dart slug (D:1)
  4 orcs (D:3)
  2 bats (D:1)
  A giant cockroach (D:1)
  3 goblins
  4 hobgoblins
  5 jackals
  12 kobolds
  A quokka (D:3)
  3 ball pythons
  7 frilled lizards
  8 rats
55 creatures vanquished.

Vanquished Creatures (collateral kills)
  An adder (D:3)
  A worm (D:2)
  An orc (D:3)
  2 jackals (D:1)
  A rat (D:2)
6 creatures vanquished.

Grand Total: 61 creatures vanquished

Notes
Turn   | Place    | Note
-------+----------+-------------------------------------------
     0 | D:1      | inmateoo the Felid Transmuter began the quest for the Orb.
     0 | D:1      | Reached XP level 1. HP: 9/9 MP: 4/4
   221 | D:1      | Reached XP level 2. HP: 13/13 MP: 6/6
   502 | D:1      | Learned a level 2 spell: Sticks to Snakes
  1162 | D:1      | Reached XP level 3. HP: 17/17 MP: 7/7
  1490 | D:2      | Learned a level 3 spell: Spider Form
  2265 | D:2      | Noticed Sigmund
  2532 | D:3      | Reached XP level 4. HP: 21/21 MP: 2/8
  2695 | D:3      | Reached skill level 1 in Stealth
  2699 | D:3      | Killed from afar by an orc wizard
  2700 | D:3      | Reached XP level 3. HP: -2/17 MP: 0/7
  2863 | D:3      | Gained mutation: Your muscles are strong. (Str +2) [potion
                  | of mutation]
  2868 | D:3      | Succumbed to an adder's poison

Levels and vault maps discovered:
D:1:      evilmike_arrival_fibonacci_small, layout_basic
D:2:      layout_basic, uniq_sigmund, uniq_crazy_yiuf_cottage
D:3:      layout_basic

Skill      XL: |  1  2  3  4 |
---------------+-------------+-----
Fighting       | 2 3 |  3.4
Stealth        | 1 |  1.2
Transmutations | 3 |  3.1
Dodging        | |  2.6
Unarmed Combat | |  3.2
Spellcasting   | |  2.3

Action                   |  1- 3 |  4- 6 || total
-------------------------+-------+-------++-------
Melee: Unarmed           |   158 |    30 ||   188
       Headbutt          |     8 |     2 ||    10
       Bite              |     6 |       ||     6
       Punch             |     1 |       ||     1
 Cast: Beastly Appendage |     8 |     1 ||     9
       Sticks to Snakes  |    12 |     3 ||    15
       Spider Form       |     2 |     1 ||     3
  Use: Potion            |     2 |       ||     2
       Scroll            |       |     5 ||     5
 Stab: Sleeping          |     7 |       ||     7
  Eat: Chunk             |    13 |       ||    13
Armor: Skin              |    12 |     1 ||    13
Dodge: Dodged            |   144 |    26 ||   170
